 Dungeon Crawl Stone Soup version 0.31-a0-1009-g454b1f1e0a (webtiles) character file.

Game seed: 11181511840883303869

2 kae the Vexing (level 1, 0/13 HPs)
             Began as a Demonspawn Enchanter on Nov 14, 2023.
             Slain by a hobgoblin (4 damage)
             ... on level 1 of the Dungeon.
             The game lasted 00:00:07 (78 turns).

kae the Vexing (Demonspawn Enchanter)                 Turns: 78, Time: 00:00:08

Health: 0/13       AC:  2    Str:  8    XL:     1   Next: 33%
Magic:  3/3        EV: 12    Int: 16    God:
Gold:   0          SH:  0    Dex: 13    Spells: 4/4 levels left

rFire   . . .        a - +1 dagger
rCold   . . .        (no shield)
rNeg    . . .        b - +0 robe
rPois   .            (no helmet)
rElec   .            (no cloak)
rCorr   .            (no gloves)
SInv    .            (no boots)
Will    .....        (no amulet)
Stlth   ++           (no ring)
HPRegen 0.22/turn    (no ring)
MPRegen 0.08/turn

%: no passive effects
@: no status effects
A: no striking features
a: no special abilities


You were on level 1 of the Dungeon.
You visited 1 branch of the dungeon, and saw 1 of its levels.


   Skills:
 * Level 1.0 Short Blades
 - Level 1.7 Dodging
 + Level 2.7 Stealth
 + Level 2.0 Spellcasting
 * Level 3.0 Hexes


You had 4 spell levels left.
You didn't know any spells.
Your spell library contained the following spells:

 Spells                   Type           Power      Damage    Failure   Level
 Ensorcelled Hibernation  Hex/Ice        12%        N/A       17%         2
 Confusing Touch          Hex            11%        N/A       19%         3
 Tukima's Dance           Hex            11%        N/A       19%         3
 Shock                    Conj/Air       4%         1d3       21%         1
 Dazzling Flash           Conj/Hex       12%        N/A       32%         3
 Swiftness                Air            1%         N/A       52%         3
 Airstrike                Air            0%         2d(1-17)  90%         4

Inventory:

Hand Weapons
 a - a +1 dagger (weapon)
Armour
 b - a +0 robe (worn)
Potions
 c - 2 potions of invisibility

Dungeon Overview and Level Annotations

Branches:
Dungeon (1/15) Zot: 5921

Altars:

... #(. #J.####.#
#.....#.# #.....#.# ..
#.....#.#
....#.....#.# ##.
.......@g.#.###....
####...............
#..................
#......####.#####.
#......####.# ### ##
#...........###≈##≈##
#######.....##≈P≈≈P≈##
#.....#≈P8PP8P≈#
#.....##.P..P≈##..


You could see an endoplasm and a hobgoblin.


Message History

Lua error: /dgldir/rcfiles/crawl-git/kae.rc:525: unexpected symbol near '#' 🤖 Initializing magus.rc ...
Bad monster_list_colour key: strict_neutral Bad channel name 'pray' for runrest: 'pray:' Options error: Missing colour in message_colour setting: 'that.*feels deathly cold' Options error: Missing colour in message_colour setting: 'and you must be Full or above to equip it' Options error: Missing colour in message_colour setting: 'but rights himself reflexively soon after' Options error: Missing colour in message_colour setting: 'before it is too late' ✅ Successfully initialized magus.rc [v1.11.3] Welcome, kae the Demonspawn Enchanter.
The legendary Orb of Zot lies far below, as if waiting for you to find it.
Press ? for a list of commands and other information.
Found a book of Air.
Found a staircase leading out of the dungeon.
A quokka comes into view.
You see here a book of Air.
A quokka is nearby!
A quokka is nearby!
The quokka misses you. The quokka closely misses you.
You hit the quokka. The quokka closely misses you.
A quokka is nearby!
You hit the quokka but do no damage. The quokka bites you.
You barely miss the quokka. The quokka bites you. 😮 HP[-5]
You take 5 damage, and now have 8/13 hp.
MASSIVE DAMAGE!! (PAUSE)
You hit the quokka but do no damage. The quokka closely misses you. 😮 HP[+1]
You hit the quokka but do no damage. The quokka bites you.
* * * LOW HITPOINT WARNING * * *
😨 HP[-3]
You take 3 damage, and now have 6/13 hp.
MASSIVE DAMAGE!! (PAUSE)
You closely miss the quokka. The quokka misses you.
You barely miss the quokka. The quokka bites you.
* * * LOW HITPOINT WARNING * * *
😱 HP[-4]
You take 4 damage, and now have 2/13 hp.
MASSIVE DAMAGE!! (PAUSE)
You hit the quokka. The quokka barely misses you.
The quokka misses you. 😱 HP[+1]
You miss the quokka.
The quokka bites you but does no damage.
Unknown command.
You hit the quokka.
You kill the quokka!
Your Short Blades skill increases to level 1!
You pick up a book of Air and begin reading...
You add the spells Shock, Swiftness and Airstrike to your library. 😕 HP[+9]
You regained 9 hp, and now have 12/13 hp.
A goblin comes into view. It is wielding a +0 club. 😎 HP[+1]
Your hp is fully restored (13).
The goblin shouts!
A hobgoblin comes into view.
There are monsters nearby!
The goblin misses you.
The hobgoblin shouts!
You hit the goblin but do no damage.
The goblin hits you with a +0 club. 😮 HP[-4]
You take 4 damage, and now have 9/13 hp.
MASSIVE DAMAGE!! (PAUSE)
You hit the goblin. The goblin barely misses you.
You hit the goblin but do no damage.
The goblin hits you with a +0 club. 😮 HP[-2]
You take 2 damage, and now have 7/13 hp.
You closely miss the goblin. The goblin closely misses you.
You hit the goblin. The goblin closely misses you.
The hobgoblin completely misses you.
Unknown command.
You hit the goblin.
You kill the goblin!
The hobgoblin hits you.
* * * LOW HITPOINT WARNING * * *
😨 HP[-2]
You take 2 damage, and now have 5/13 hp.
Unknown command.
An endoplasm comes into view.
The endoplasm quivers.
The hobgoblin hits you.
* * * LOW HITPOINT WARNING * * *
You see here a +0 club. 😨 HP[-1]
You take 1 damage, and now have 4/13 hp.
You hit the hobgoblin. The hobgoblin hits you.
You die...

Skill      XL: |  1 |
---------------+----+-----
Short Blades   | 1 |  1.0
Dodging        | |  1.7
Stealth        | |  2.7
Spellcasting   | |  2.0
Hexes          | |  3.0

Action                     || total
---------------------------++-------
  Melee: Dagger            ||    17
 Armour: Robe              ||    10
  Dodge: Dodged            ||    12

Levels and vault maps discovered:
D:1:      ldierk_walled_garden_2, layout_basic, nrook_loot_triangle,
          grunt_decor_cap

Notes
Turn   | Place    | Note
-------+----------+-------------------------------------------
     0 | D:1      | kae the Demonspawn Enchanter began the quest for the Orb.
     0 | D:1      | Reached XP level 1. HP: 13/13 MP: 3/3
     0 | D:1      | magus.rc [v1.11.3]
    12 | D:1      | HP: 2/13 [quokka (4)]
    16 | D:1      | Reached skill level 1 in Short Blades
    55 | D:1      | You pick up a book of Air and begin reading...
    55 | D:1      | You add the spells Shock, Swiftness and Airstrike to your
                  | library.
    78 | D:1      | Slain by a hobgoblin

Vanquished Creatures
  A goblin (D:1)
  A quokka (D:1)
2 creatures vanquished.

Table legend:
 A = Non-vault XP
 B = Vault XP
 C = Vault XP percentage of total XP
 D = Non-vault monster count
 E = Vault monster count
 F = Vault count percentage of total count
                 A         B        C        D         E       F
            +---------+---------+-------+---------+---------+-------
      Total |       4 |       0 |   0.0 |       2 |       0 |   0.0
            +---------+---------+-------+---------+---------+-------
        D:1 |       4 |       0 |   0.0 |       2 |       0 |   0.0
            +---------+---------+-------+---------+---------+-------

Skill      XL: |  1 |
---------------+----+-----
Short Blades   | 1 |  1.0
Dodging        | |  1.7
Stealth        | |  2.7
Spellcasting   | |  2.0
Hexes          | |  3.0

Action                     || total
---------------------------++-------
  Melee: Dagger            ||    17
 Armour: Robe              ||    10
  Dodge: Dodged            ||    12

Illustrated notes

Table legend:
 A = Kills in this place as a percentage of kills in the entire game.
 B = Kills by you in this place as a percentage of kills by you in the entire game.
 C = Kills by friends in this place as a percentage of kills by friends in the entire game.
 D = Other kills in this place as a percentage of other kills in the entire game.
 E = Experience gained in this place as a percentage of experience gained in the entire game.
 F = Experience gained in this place divided by the number of levels of this place that you have seen.
                   A       B       C       D       E      F
               +-------+-------+-------+-------+-------+----------------------
         Total | 100.0 | 100.0 |   N/A |   N/A | 100.0 |   4.0
       Dungeon | 100.0 | 100.0 |   N/A |   N/A | 100.0 |   4.0
               +-------+-------+-------+-------+-------+----------------------

Table legend: (Time is in decaauts)
 A = Elapsed time spent in this place.
 B = Non-inter-level travel time spent in this place.
 C = Inter-level travel time spent in this place.
 D = Time resting spent in this place.
 E = Time spent auto-exploring this place.
 F = Levels seen in this place.
 G = Mean time per level.
                   A        B        C        D        E       F      G
               +--------+--------+--------+--------+--------+-----+--------+
         Total |     77 |     77 |      0 |      0 |     51 |   1 |   77.0 |
       Dungeon |     77 |     77 |      0 |      0 |     51 |   1 |   77.0 |
               +--------+--------+--------+--------+--------+-----+--------+

Top non-repeatable levels by time:
     D:1: 77 daAuts
